 Dungeon Crawl Stone Soup version 0.21.0-3-g78d12a8 (webtiles) character file.

9356 Sayani the Severer (level 11, 0/102 HPs)
             Began as a Minotaur Berserker on Jan 8, 2018.
             Was a High Priest of Trog.
             Killed from afar by an oklob plant (7 damage)
             ... with a splash of acid
             ... on level 1 of the Lair of Beasts.
             The game lasted 00:19:42 (10924 turns).

Sayani the Severer (Minotaur Berserker)            Turns: 10924, Time: 00:19:43

Health: 0/102      AC: 15    Str: 26    XL:     11   Next: 22%
Magic:  10/10      EV:  8    Int:  4    God:    Trog [*****.]
Gold:   476        SH:  6    Dex:  9    Spells: 10/10 levels left

rFire    . . .     SeeInvis .   j - +7 executioner's axe (chop)
rCold    . . .     Gourm    .   (shield currently unavailable)
rNeg     . . .     Faith    .   z - +0 plate armour
rPois    .         Spirit   .   (helmet restricted)
rElec    .         Reflect  +   (no cloak)
rCorr    .         Harm     .   I - +2 pair of gloves
MR       +....                  t - +0 pair of boots
Stlth    ..........             D - +6 amulet of reflection
HPRegen  0.27/turn              G - ring of protection from magic
MPRegen  0.12/turn              (no ring)

@: corroded
A: retaliatory headbutt, horns 2
a: Berserk, Trog's Hand, Brothers in Arms, Burn Spellbooks, Renounce Religion


You were on level 1 of the Lair of Beasts.
You worshipped Trog.
Trog was extremely pleased with you.
You were not hungry.

You visited 2 branches of the dungeon, and saw 11 of its levels.

You collected 476 gold pieces.

Inventory:

Hand Weapons
 j - a +7 executioner's axe of chopping (weapon)
 l - a +0 war axe
 o - a +0 broad axe
Missiles
 m - 231 stones (quivered)
 E - 6 silver javelins
Armour
 q - a +1 scale mail
 t - a +0 pair of boots (worn)
 z - a +0 plate armour (worn)
 I - a +2 pair of gloves (worn)
Jewellery
 D - a +6 amulet of reflection (around neck)
 G - a ring of protection from magic (left hand)
Wands
 p - a wand of scattershot (4)
 r - a wand of digging (15)
 s - a wand of iceblast (6)
 B - a wand of disintegration (15)
Scrolls
 a - 2 scrolls of enchant armour
 b - a scroll of immolation {unknown}
 f - 6 scrolls of teleportation
 i - 4 scrolls of magic mapping
 u - 3 scrolls of fear
 w - 2 scrolls of blinking {unknown}
 y - 2 scrolls of enchant weapon
 F - a scroll of noise {unknown}
Potions
 d - a potion of brilliance {unknown}
 e - 4 potions of resistance
 g - a potion of magic {unknown}
 h - 8 potions of curing
 k - 2 potions of mutation
 n - a potion of lignification {unknown}
 v - 2 potions of haste
 x - a potion of heal wounds {unknown}
 A - 2 potions of might
 C - a potion of berserk rage {unknown}
 H - 2 potions of flight
Comestibles
 c - 18 rations
 J - 5 chunks of flesh


   Skills:
 + Level 11.2 Fighting
 + Level 15.1 Axes
 + Level 9.6 Armour
 - Level 2.1 Dodging


You had 10 spell levels left.
You didn't know any spells.

Dungeon Overview and Level Annotations

Branches:
Dungeon (10/15)            Temple (0/1) D:6            Lair (1/6) D:9
    Orc: D:9-12

Altars:
Ashenzari
Dithmenos
Elyvilon
Hepliaklqana
Okawaru
Ru
Uskayaw
Wu Jian
Yredelemnul
The Shining One

Shops:
D:9 (

Annotations:
Lair:1 exclusion: 3 oklob plants


Innate Abilities, Weirdness & Mutations

You reflexively headbutt those who attack you in melee.
You have a pair of horns on your head.


Message History

The splash of acid hits you!
You are splashed with acid!
The acid burns!
The oklob plant spits acid at you. The splash of acid hits you!
You are splashed with acid!
The acid burns!
You see here a glaive.
You slice the oklob plant!!
The oklob plant is heavily damaged.
You hit the plant but do no damage. You slash the plant!
The oklob plant spits acid at you. The splash of acid hits you!
You are splashed with acid!
The acid burns!
The oklob plant spits acid at you. The splash of acid hits you!
You are splashed with acid!
The acid burns!
* * * LOW HITPOINT WARNING * * *
The oklob plant spits acid at you. The splash of acid hits you!
* * * LOW HITPOINT WARNING * * *
The acid corrodes you!
You are splashed with acid!
The acid burns!
* * * LOW HITPOINT WARNING * * *
The oklob plant spits acid at you. The splash of acid hits you!
You die...

...#.## #...............Y
##.[..####................
###....#.................
##..)..................
###................... ###
##....>...........# #.#
##...............# .######
#..............#
......###.......@#PP..##
PP#.....###.##..#.)[=$#
######.....#######$P..#
###...# #.$./# ###.#
#)P[P# ### ####.# #.# #.#
##


You could see 3 oklob plants.

Vanquished Creatures
  2 two-headed ogres (D:9)
  A komodo dragon (Lair:1)
  Grinder (D:4)
  5 blink frogs (Lair:1)
  Sigmund (D:6)
  5 hippogriffs
  9 yaks (Lair:1)
  A water moccasin (Lair:1)
  5 porcupines (Lair:1)
  2 orc warriors
  A black bear (D:10)
  A necrophage (D:10)
  2 phantoms
  5 ice beasts
  3 ogres
  6 crocodiles
  Blork the orc (D:5)
  6 bullfrogs
  A water moccasin zombie (D:5)
  2 scorpions
  3 wights (D:7)
  2 electric eels (D:7)
  2 crimson imps (D:9)
  3 bullfrog zombies
  A centaur zombie (D:9)
  3 orc wizards
  5 jellies
  A gnoll shaman (D:9)
  2 hounds
  3 orc priests
  2 centaur skeletons
  Jessica (D:2)
  2 iguanas (D:4)
  8 worker ants
  9 gnolls
  13 adders
  2 shadow imps
  An ooze (D:3)
  An adder zombie (D:8)
  An adder skeleton (D:5)
  A worm (D:3)
  11 dart slugs
  6 leopard geckos
  21 orcs
  5 giant cockroaches
  7 hobgoblins
  11 jackals
  2 quokkas
  3 ball pythons
  9 bats
  7 frilled lizards
  5 goblins
  5 kobolds
  6 rats
224 creatures vanquished.

Vanquished Creatures (others)
  2 fungi (D:9)
  2 plants (Lair:1)
4 creatures vanquished.

Grand Total: 228 creatures vanquished

Notes
Turn   | Place    | Note
-------+----------+-------------------------------------------
     0 | D:1      | Sayani the Minotaur Berserker began the quest for the Orb.
     0 | D:1      | Reached XP level 1. HP: 19/19 MP: 0/0
    31 | D:1      | Reached skill level 4 in Axes
   232 | D:1      | Reached XP level 2. HP: 26/26 MP: 1/1
   554 | D:1      | Reached skill level 5 in Axes
   639 | D:1      | Reached XP level 3. HP: 28/31 MP: 2/2
   742 | D:1      | Reached ** piety under Trog
  1723 | D:2      | Found a shadowy altar of Dithmenos.
  1726 | D:2      | Found a glowing golden altar of the Shining One.
  1729 | D:2      | Found a white marble altar of Elyvilon.
  1746 | D:2      | Noticed Jessica
  1749 | D:2      | Found a shattered altar of Ashenzari.
  1755 | D:2      | Killed Jessica
  1755 | D:2      | Reached skill level 6 in Axes
  1755 | D:2      | Reached XP level 4. HP: 9/39 MP: 3/3
  2064 | D:2      | Found an iron altar of Okawaru.
  2088 | D:2      | Found a hazy altar of Hepliaklqana.
  2089 | D:2      | Found a basalt altar of Yredelemnul.
  2773 | D:3      | Reached skill level 7 in Axes
  2773 | D:3      | Reached XP level 5. HP: 45/45 MP: 4/4
  3084 | D:3      | Found an ornate altar of the Wu Jian Council.
  3716 | D:4      | Found a sacrificial altar of Ru.
  3969 | D:4      | Noticed Grinder
  3979 | D:4      | Killed Grinder
  3979 | D:4      | Reached skill level 8 in Axes
  3979 | D:4      | Reached XP level 6. HP: 52/52 MP: 5/5
  4097 | D:4      | Reached *** piety under Trog
  4102 | D:4      | Reached XP level 7. HP: 52/60 MP: 6/6
  4204 | D:4      | Reached skill level 9 in Axes
  4550 | D:5      | Entered Level 5 of the Dungeon
  4941 | D:5      | Noticed Blork the orc
  4948 | D:5      | Killed Blork the orc
  4948 | D:5      | Reached skill level 5 in Fighting
  5016 | D:5      | Reached skill level 10 in Axes
  5452 | D:5      | Reached skill level 5 in Armour
  5586 | D:5      | Reached XP level 8. HP: 58/68 MP: 7/7
  6007 | D:6      | Received a gift from Trog
  6077 | D:6      | Found a hide-covered altar of Uskayaw.
  6086 | D:6      | Reached skill level 11 in Axes
  6094 | D:6      | Noticed a dagger
  6095 | D:6      | Noticed a dagger
  6195 | D:6      | Noticed Sigmund
  6202 | D:6      | Killed Sigmund
  6344 | D:6      | Found a staircase to the Ecumenical Temple.
  6701 | D:7      | Reached XP level 9. HP: 59/79 MP: 8/8
  8114 | D:8      | Reached **** piety under Trog
  8280 | D:8      | Reached skill level 12 in Axes
  8976 | D:10     | Entered Level 10 of the Dungeon
  9046 | D:9      | Found Dymm's Antique Weapon Emporium.
  9067 | D:9      | Found a staircase to the Lair.
  9105 | D:9      | Reached ***** piety under Trog
  9264 | D:9      | Reached skill level 13 in Axes
  9264 | D:9      | Reached XP level 10. HP: 56/91 MP: 9/9
  9367 | D:9      | Noticed a two-headed ogre
  9541 | D:9      | Received a gift from Trog
  9543 | D:9      | Killed a two-headed ogre
  9549 | D:9      | Noticed a two-headed ogre
  9689 | D:9      | Killed a two-headed ogre
  9689 | D:9      | Reached skill level 10 in Fighting
  9706 | D:9      | Noticed an elephant
  9776 | D:9      | Noticed a cyclops
  9972 | Lair:1   | Entered Level 1 of the Lair of Beasts
 10054 | Lair:1   | Reached skill level 14 in Axes
 10544 | Lair:1   | Reached XP level 11. HP: 69/101 MP: 10/10
 10800 | Lair:1   | Reached skill level 15 in Axes
 10916 | Lair:1   | Noticed an oklob plant
 10916 | Lair:1   | Noticed an oklob plant
 10916 | Lair:1   | Noticed an oklob plant
 10924 | Lair:1   | Killed from afar by an oklob plant

Skill      XL: |  1  2  3  4  5  6  7  8  9 10 11 |
---------------+----------------------------------+-----
Axes           | 4 5 6 7 8 10 11 13 14 15 | 15.1
Fighting       | 4 5 7 9 10 11 | 11.2
Armour         | 3 4 5 6 7 9 |  9.6
Dodging        | |  2.1

Action                   |  1- 3 |  4- 6 |  7- 9 | 10-12 || total
-------------------------+-------+-------+-------+-------++-------
Melee: Hand axe          |    69 |    32 |       |       ||   101
       Headbutt          |     7 |    14 |    51 |    16 ||    88
       War axe           |       |    46 |   291 |    52 ||   389
       Executioner's axe |       |       |       |    42 ||    42
Throw: Stone             |     4 |     8 |    63 |       ||    75
       Javelin           |       |       |     7 |       ||     7
Invok: Berserk           |     1 |     1 |     2 |     2 ||     6
       Trog's Hand       |     1 |       |       |       ||     1
       Burn Spellbooks   |       |       |     1 |       ||     1
Evoke: Wand              |       |       |       |     1 ||     1
  Use: Scroll            |       |     8 |     1 |     6 ||    15
  Eat: Chunk             |     4 |     3 |    13 |     4 ||    24
       Ration            |       |     2 |     1 |     1 ||     4
Armor: Animal skin       |    13 |     1 |       |       ||    14
       Scale mail        |       |    17 |   116 |    18 ||   151
       Plate armour      |       |       |       |    31 ||    31
Dodge: Dodged            |    41 |    37 |   128 |    37 ||   243
Block: Other             |       |       |    32 |    35 ||    67
       Reflection        |       |       |       |     1 ||     1
